 Dungeon Crawl Stone Soup version 0.23.2-1-ga50397a (webtiles) character file.

Game seed: 8922845665640928519

175 myga the Ducker (level 5, 0/40 HPs)
             Began as a Vampire Gladiator on May 11, 2019.
             Slain by an orc (3 damage)
             ... on level 4 of the Dungeon.
             The game lasted 00:13:05 (3313 turns).

myga the Ducker (Vampire Gladiator)                 Turns: 3313, Time: 00:13:05

Health: 0/40       AC:  4    Str: 19    XL:     5   Next: 29%
Magic:  5/5        EV: 14    Int: 11    God:
Gold:   343        SH:  0    Dex: 15    Spells: 4/4 levels left

rFire    . . .     SeeInvis +   a - +0 war axe
rCold    + + .     Gourm    .   (no shield)
rNeg     + + +     Faith    .   b - +0 leather armour
rPois    ∞         Spirit   .   c - +0 helmet
rElec    .         Reflect  .   (no cloak)
rCorr    .         Harm     .   (no gloves)
MR       .....                  (no boots)
Stlth    ++++......             (no amulet)
HPRegen  0.00/turn              u - +1 ring of slaying
MPRegen  0.09/turn              r - ring of flight

@: mighty, bloodless, non-regenerating
A: fangs 3, see invisible, unbreathing
a: Bat Form, Evoke Flight


You were on level 4 of the Dungeon.
You were bloodless.

You visited 1 branch of the dungeon, and saw 4 of its levels.

You collected 343 gold pieces.

Inventory:

Hand Weapons
 a - a +0 war axe (weapon)
Missiles
 d - 3 throwing nets
 k - 164 stones (quivered)
 s - 2 tomahawks
Armour
 b - a +0 leather armour (worn)
 c - a +0 helmet (worn)
Jewellery
 r - a ring of flight (right hand)
 u - a +1 ring of slaying (left hand)
Scrolls
 f - 2 scrolls of magic mapping
 g - a scroll of remove curse
 o - a scroll of teleportation
 p - a scroll of noise {unknown}
 q - a scroll of identify
 t - a scroll of enchant weapon {unknown}
Potions
 e - 16 potions of blood
 h - 2 potions of curing
 i - a potion of flight
 j - a potion of cancellation
 l - a potion of haste
 m - 4 potions of might
 n - 2 potions of brilliance


   Skills:
 + Level 2.8 Fighting
 + Level 4.0 Axes
 + Level 1.9 Throwing
 - Level 0.2 Armour
 + Level 4.2 Dodging
 + Level 1.6 Stealth


You had 4 spell levels left.
You didn't know any spells.
Your spell library was empty.

Dungeon Overview and Level Annotations

Branches:
Dungeon (4/15)
 Temple: D:4-7

Altars:
Gozag
Qazlal
Xom


Innate Abilities, Weirdness & Mutations

You do not heal naturally.
You are immune to poison.
You have razor-sharp teeth.
You have supernaturally acute eyesight. (SInv)
You can survive without breathing.


Message History

Throwing (i - inventory. (/) - cycle)
k - 165 stones (quivered)
Press: ? - help, Shift-Dir - straight line, f - orc
Aim: an orc You throw a stone.
The stone closely misses the orc.
You barely miss the orc. The orc hits you with a +0 hand axe.
You slash the orc!
You kill the orc!
The orc barely misses you.
You barely miss the orc.
The orc priest mumbles some strange prayers to Beogh against you.
Beogh smites you! The orc closely misses you.
You hit the orc but do no damage. Your bite misses the orc.
The orc closely misses you.
The orc priest invokes the aid of Beogh against you.
Beogh smites you!
* * * LOW HITPOINT WARNING * * *
You feel very mighty all of a sudden. The orc barely misses you.
You barely miss the orc. Your bite misses the orc. The orc hits you.
You die...

#........# ..## ..
...###.##.## ..... ..
.#.. .......# ...# ..
..# .....##...# ##.#
..# .....##...# #.. #.#
######.......#######.##
.......................
#......[######..##
#@##....# ##.###
#o##..### #..# #
oo###.# #.## # ..## #.#
##.# .## #.## ###..# .#
#..###...## ..
##.....### .# #######


You could see an orc priest and 2 orcs.

Vanquished Creatures
  A howler monkey zombie (D:3)
  4 adders
  A howler monkey skeleton (D:4)
  4 worms
  3 dart slugs (D:1)
  3 leopard geckos
  6 orcs
  8 giant cockroaches
  12 goblins
  9 hobgoblins
  5 jackals
  2 quokkas
  7 bats
  10 frilled lizards
  5 kobolds
  10 rats
90 creatures vanquished.

Notes
Turn   | Place    | Note
-------+----------+-------------------------------------------
     0 | D:1      | myga the Vampire Gladiator began the quest for the Orb.
     0 | D:1      | Reached XP level 1. HP: 16/16 MP: 1/1
    80 | D:1      | Reached XP level 2. HP: 9/22 MP: 2/2
   353 | D:1      | Reached XP level 3. HP: 25/27 MP: 3/3
   720 | D:2      | Found a shimmering altar of Xom.
  1121 | D:2      | Reached XP level 4. HP: 9/34 MP: 4/4
  1727 | D:3      | Found a stormy altar of Qazlal.
  1727 | D:3      | Found an opulent altar of Gozag.
  2609 | D:3      | Reached skill level 1 in Stealth
  2630 | D:3      | Reached XP level 5. HP: 40/40 MP: 5/5
  3313 | D:4      | Slain by an orc

Skill      XL: |  1  2  3  4  5 |
---------------+----------------+-----
Fighting       | 2 |  2.8
Axes           | 3 4 |  4.0
Dodging        | 4 |  4.2
Stealth        | 1 |  1.6
Throwing       | |  1.9
Armour         | |  0.2

Action                   |  1- 3 |  4- 6 || total
-------------------------+-------+-------++-------
Melee: War axe           |    96 |   120 ||   216
       Bite              |    11 |    16 ||    27
Throw: Stone             |       |     2 ||     2
  Use: Scroll            |     4 |     5 ||     9
       Potion            |     1 |     3 ||     4
 Stab: Sleeping          |       |    12 ||    12
Armor: Leather armour    |    18 |    15 ||    33
Dodge: Dodged            |    87 |    98 ||   185
